[Event "ICC tourney 2156 (40 10)"]
[Site "Internet Chess Club"]
[Date "2020.11.22"]
[Round "3"]
[White "marinaxiao"]
[Black "tricksterssbu"]
[Result "1-0"]
[ICCResult "Black resigns"]
[WhiteElo "1508"]
[BlackElo "1643"]
[Opening "Giuoco Piano"]
[ECO "C54"]
[NIC "IG.02"]
[Time "15:34:09"]
[TimeControl "2400+10"]

1. e4 e5 2. Nf3 Nc6 3. Bc4 Bc5 4. c3 Nf6 5. d3 d6 6. a4 a5 7. O-O O-O 8.
Nbd2 Re8 9. Re1 Ne7 10. d4 exd4 11. cxd4 Bb4 12. e5 dxe5 13. dxe5 Nfd5 14.
Ng5 h6 15. Nge4 Bf5 16. Re2 Nf4 17. Re3 Qd4 18. Qb3 Ned5 19. Nf3 Qb6 20.
Bxd5 Qg6 21. Nh4 Qg4 22. Bxf7+ Kh7 23. Ng3 Red8 24. Nf3 Rd3 25. Rxd3 Bxd3
26. Bxf4 Qxf4 27. Qxd3+ Kh8 28. e6 {Black resigns} 1-0

[Event "ICC tourney 2156 (40 10)"]
[Site "Internet Chess Club"]
[Date "2020.11.22"]
[Round "3"]
[White "michaelxiao"]
[Black "che8642"]
[Result "0-1"]
[ICCResult "White resigns"]
[WhiteElo "1322"]
[BlackElo "1520"]
[Opening "English: symmetrical variation"]
[ECO "A38"]
[NIC "EO.27"]
[Time "15:34:10"]
[TimeControl "2400+10"]

1. c4 c5 2. g3 g6 3. Bg2 Bg7 4. Nf3 Nf6 5. O-O O-O 6. Nc3 Nc6 7. e3 e6 8. d4
cxd4 9. exd4 d5 10. c5 b6 11. Nb5 Ba6 12. a4 bxc5 13. dxc5 Nd7 14. Be3 Qe7
15. Nc7 Bxf1 16. Qxf1 Rac8 17. Nb5 Nxc5 18. Bf4 Ne4 19. Qe2 a6 20. Na3 Qb4
21. Rb1 Qxa4 22. Qe3 Nd4 23. Nxd4 Bxd4 24. Qf3 Bxf2+ 25. Kf1 e5 26. Bh6 Rfe8
27. Qg4 Qd4 28. Bxe4 dxe4 29. Qg5 Qb6 30. b3 Bd4 31. Nc4 Rxc4 {White
resigns} 0-1

[Event "ICC tourney 2156 (40 10)"]
[Site "Internet Chess Club"]
[Date "2020.11.22"]
[Round "3"]
[White "KnightHopper"]
[Black "ToughTurtle"]
[Result "1-0"]
[ICCResult "Black checkmated"]
[WhiteElo "2016"]
[BlackElo "1507"]
[Opening "Danish gambit"]
[ECO "C21"]
[NIC "KP.04"]
[Time "15:34:09"]
[TimeControl "2400+10"]

1. e4 e5 2. d4 exd4 3. c3 dxc3 4. Bc4 Nc6 5. Nf3 h6 6. Nxc3 Bb4 7. O-O Bxc3
8. bxc3 Nge7 9. Be3 O-O 10. Qd2 Ng6 11. Bxh6 gxh6 12. Qxh6 Qf6 13. Rad1 Qg7
14. Qh5 Nf4 15. Qg5 Qxg5 16. Nxg5 d6 17. Rfe1 Ne5 18. Bb3 Be6 19. Nxe6 Nxe6
20. Re3 Kg7 21. g3 Rh8 22. f4 Ng4 23. Re2 Rh3 24. Bd5 Rb8 25. e5 Rbh8 26. f5
Ng5 27. e6 c6 28. Bg2 R3h6 29. Rxd6 fxe6 30. fxe6 Re8 31. h4 Rhxe6 32. Rdxe6
Rxe6 33. Rxe6 Nxe6 34. Bh3 Nc5 35. Bxg4 Ne4 36. Kg2 Nxc3 37. Be6 Kf6 38. Bb3
a5 39. Kf3 a4 40. Bg8 b5 41. g4 c5 42. g5+ Kg6 43. Kg4 c4 44. h5+ Kg7 45.
Be6 Nxa2 46. h6+ Kg6 47. Bf5+ Kf7 48. g6+ Kg8 49. Be6+ Kf8 50. g7+ Ke7 51.
g8=Q b4 52. Bxc4 Nc1 53. Qe6+ Kd8 54. h7 b3 55. h8=Q+ Kc7 56. Qhc8#
{Black checkmated}
1-0

[Event "ICC tourney 2156 (40 10)"]
[Site "Internet Chess Club"]
[Date "2020.11.22"]
[Round "3"]
[White "SupaHotFiya"]
[Black "musk6868"]
[Result "0-1"]
[ICCResult "White resigns"]
[WhiteElo "1963"]
[BlackElo "2072"]
[Opening "Sicilian defense"]
[ECO "B20"]
[NIC "SI.48"]
[Time "15:34:20"]
[TimeControl "2400+10"]

1. e4 c5 2. b3 Nf6 3. e5 Nd5 4. Bb2 d6 5. exd6 Qxd6 6. g3 Nc6 7. Bg2 Nf6 8.
Ne2 e5 9. d3 Be7 10. O-O O-O 11. Nd2 Bg4 12. h3 Be6 13. Nc4 Qc7 14. Bxc6
Qxc6 15. Nxe5 Qc8 16. g4 Nd5 17. c4 Nb4 18. a3 Nc6 19. Nxc6 Qxc6 20. d4 Rad8
21. d5 Qc7 22. f4 b5 23. f5 Bc8 24. f6 Bxf6 25. Bxf6 gxf6 26. Nf4 Qe5 27.
Qf3 bxc4 28. bxc4 Ba6 29. Nh5 Bxc4 30. Qxf6 Rxd5 31. Rf5 Qe3+ 32. Kh1 Qxh3+
33. Kg1 Qxg4+ {White resigns} 0-1

[Event "ICC tourney 2156 (40 10)"]
[Site "Internet Chess Club"]
[Date "2020.11.22"]
[Round "3"]
[White "orwind"]
[Black "runtilmorrow1"]
[Result "0-1"]
[ICCResult "White checkmated"]
[WhiteElo "1619"]
[BlackElo "1964"]
[Opening "Sicilian"]
[ECO "B50"]
[NIC "SI.01"]
[Time "15:34:05"]
[TimeControl "2400+10"]

1. e4 c5 2. Nf3 d6 3. Nc3 Nf6 4. e5 dxe5 5. Nxe5 e6 6. Bb5+ Bd7 7. Nxd7
Nfxd7 8. O-O a6 9. Be2 Nc6 10. d3 Bd6 11. Be3 Nf6 12. Qd2 Qc7 13. h3 O-O-O
14. a3 Nd4 15. Bxd4 cxd4 16. Na2 Nd5 17. c4 Bf4 18. Qd1 Nf6 19. b4 h5 20. b5
a5 21. Qa4 Ng4 22. c5 Be3 23. Bxg4 hxg4 24. b6 Qg3 25. fxe3 Qxe3+ 26. Kh2
Rxh3+ 27. gxh3 Qxh3+ 28. Kg1 Qg3+ 29. Kh1 Rh8# {White checkmated} 0-1

[Event "ICC tourney 2156 (40 10)"]
[Site "Internet Chess Club"]
[Date "2020.11.22"]
[Round "3"]
[White "aquilesboy"]
[Black "SanthoshA"]
[Result "1/2-1/2"]
[ICCResult "Game drawn by repetition"]
[WhiteElo "1944"]
[BlackElo "1567"]
[Opening "Réti opening"]
[ECO "A06"]
[NIC "QP.09"]
[Time "15:34:04"]
[TimeControl "2400+10"]

1. Nf3 d5 2. e3 c5 3. c4 e6 4. cxd5 exd5 5. Bb5+ Bd7 6. Bxd7+ Nxd7 7. d4 c4
8. O-O Ngf6 9. b3 b5 10. a4 a6 11. bxc4 bxc4 12. Qc2 Bd6 13. Nc3 Bb4 14. Ba3
a5 15. Rfd1 O-O 16. Ne2 Qe7 17. Bb2 Ne4 18. Ne5 Rac8 19. f3 Nd6 20. Nf4 Nb6
21. Qf2 f6 22. Ng4 c3 23. Bc1 Qe8 24. Qa2 Ndc4 25. Nd3 h5 26. Nxb4 axb4 27.
a5 hxg4 28. axb6 gxf3 29. gxf3 Nxe3 30. Re1 Qg6+ 31. Kh1 Nc4 32. b7 Rb8 33.
Qe2 Qf7 34. Ra7 Rxb7 35. Rxb7 Qxb7 36. Qe6+ Qf7 37. Qg4 f5 38. Qh4 Qf6 39.
Bg5 Qg6 40. Rg1 Qh7 41. Bh6 g6 42. Qg5 Re8 43. Qxf5 Qxh6 44. Rxg6+ Qxg6 45.
Qxg6+ Kf8 46. Qf6+ Kg8 47. Qg6+ Kf8 48. Qf6+ Kg8 49. Qg6+ Kf8 50. Qf6+ Kg8
{Game drawn by repetition}
1/2-1/2

[Event "ICC tourney 2156 (40 10)"]
[Site "Internet Chess Club"]
[Date "2020.11.22"]
[Round "3"]
[White "Chesssaga"]
[Black "joeandjoe56"]
[Result "1-0"]
[ICCResult "Black resigns"]
[WhiteElo "1986"]
[BlackElo "1738"]
[Opening "Scotch: Potter variation"]
[ECO "C45"]
[NIC "SO.05"]
[Time "15:34:08"]
[TimeControl "2400+10"]

1. e4 e5 2. Nf3 Nc6 3. d4 exd4 4. Nxd4 Bc5 5. Nb3 Bb6 6. Nc3 Nf6 7. Qe2 Qe7
8. Bg5 h6 9. Nd5 Qe5 10. Bxf6 gxf6 11. O-O-O d6 12. Qf3 f5 13. Bd3 Be6 14.
Rhe1 O-O-O 15. Nxb6+ axb6 16. exf5 Bd5 17. Be4 Bxe4 18. Rxe4 Qf6 19. Nd4
Nxd4 20. Rdxd4 Rde8 21. c3 Rhg8 22. g3 Re5 23. Rxe5 Qxe5 24. Qe4 Qxe4 25.
Rxe4 Kd7 26. Kd2 d5 27. Rh4 Rh8 28. g4 Ke7 29. g5 h5 30. Ke3 c5 31. Kf4 b5
32. Ke5 Rd8 33. f6+ Kf8 34. Rxh5 Kg8 35. Rh4 b6 36. Rh3 b4 37. Rd3 bxc3 38.
bxc3 b5 39. Rxd5 Rc8 40. h4 c4 41. Rxb5 {Black resigns} 1-0

[Event "ICC tourney 2156 (40 10)"]
[Site "Internet Chess Club"]
[Date "2020.11.22"]
[Round "3"]
[White "fascimate"]
[Black "TheDude865"]
[Result "0-1"]
[ICCResult "White checkmated"]
[WhiteElo "1643"]
[BlackElo "1493"]
[Opening "Ruy Lopez: closed, 9.d4"]
[ECO "C91"]
[NIC "RL.20"]
[Time "15:34:04"]
[TimeControl "2400+10"]

1. e4 e5 2. Nf3 Nc6 3. Bb5 a6 4. Ba4 Nf6 5. O-O Be7 6. Re1 b5 7. Bb3 O-O 8.
c3 d6 9. d4 Re8 10. Ng5 Rf8 11. Nf3 Bb7 12. Bg5 Re8 13. Nbd2 h6 14. Bxf6
Bxf6 15. Bd5 Na5 16. Bxb7 Nxb7 17. b4 exd4 18. cxd4 c5 19. bxc5 dxc5 20. e5
Be7 21. dxc5 Nxc5 22. Nb3 Qxd1 23. Rexd1 Nxb3 24. axb3 Bb4 25. Rac1 Red8 26.
Nd4 Ba3 27. Rc2 Rd5 28. Rcd2 Rad8 29. Nf3 Rxd2 30. Rxd2 Rxd2 31. Nxd2 Kf8
32. Kf1 Ke7 33. Ke2 Bb2 34. f4 Bc1 35. g3 Bxd2 36. Kxd2 Ke6 37. Kc3 a5 38.
h3 g5 39. fxg5 hxg5 40. h4 gxh4 41. gxh4 Kxe5 42. h5 Kf6 43. Kd4 Kg5 44. Kc5
a4 45. bxa4 bxa4 46. Kb4 f5 47. Kxa4 f4 48. Kb4 f3 49. Kc5 f2 50. Kd5 Kxh5
51. Ke4 f1=Q 52. Kd4 Qe2 53. Kd5 Qe3 54. Kd6 Qe4 55. Kc5 Qd3 56. Kc6 Qd4 57.
Kc7 Qd5 58. Kb6 Qc4 59. Kb7 Qc5 60. Ka6 Qb4 61. Ka7 Qb5 62. Ka8 Kg6 63. Ka7
Kf7 64. Ka8 Ke7 65. Ka7 Kd7 66. Ka8 Kc7 67. Ka7 Qa4# {White checkmated} 0-1

[Event "ICC tourney 2156 (40 10)"]
[Site "Internet Chess Club"]
[Date "2020.11.22"]
[Round "3"]
[White "AJ2000"]
[Black "Randomdude21"]
[Result "1-0"]
[ICCResult "Black checkmated"]
[WhiteElo "1648"]
[BlackElo "1703"]
[Opening "Ruy Lopez: 5.O-O"]
[ECO "C78"]
[NIC "RL.12"]
[Time "15:34:06"]
[TimeControl "2400+10"]

1. e4 e5 2. Nf3 Nc6 3. Bb5 a6 4. Ba4 Nf6 5. O-O b5 6. Bb3 Bc5 7. c3 d6 8. a4
b4 9. d4 Bb6 10. a5 Ba7 11. dxe5 Nxe5 12. Nxe5 dxe5 13. Ba4+ Ke7 14. Bg5
Qxd1 15. Bxf6+ gxf6 16. Rxd1 Bg4 17. Rd2 Rhg8 18. Kf1 c5 19. Bc6 Rac8 20.
Bb7 Rcd8 21. Bxa6 bxc3 22. bxc3 f5 23. f3 Bh5 24. exf5 c4 25. g4 Rb8 26.
Bxc4 Bxg4 27. fxg4 Rxg4 28. Bd3 Rbg8 29. Ke2 e4 30. Bb5 Bc5 31. Kd1 Rg1+ 32.
Kc2 e3 33. Re2 R8g2 34. a6 Ba7 35. Ra4 Kd6 36. Bd3 Rxe2+ 37. Bxe2 Re1 38.
Bd3 e2 39. Re4 Bf2 40. Rxe2 Rf1 41. Rd2 Re1 42. Rxf2 Re7 43. f6 Ra7 44. Na3
h5 45. Nb5+ Kc6 46. Nxa7+ Kb6 47. Nc8+ Kc7 48. a7 h4 49. a8=Q h3 50. Qa7+
Kxc8 51. Ba6+ Kd8 52. Qe7# {Black checkmated} 1-0

[Event "ICC tourney 2156 (40 10)"]
[Site "Internet Chess Club"]
[Date "2020.11.22"]
[Round "3"]
[White "espark"]
[Black "Aleksandrov73"]
[Result "0-1"]
[ICCResult "White resigns"]
[WhiteElo "2326"]
[BlackElo "2640"]
[Opening "Ruy Lopez: Berlin defense"]
[ECO "C65"]
[NIC "RL.07"]
[Time "15:34:11"]
[TimeControl "2400+10"]

1. e4 e5 2. Nf3 Nc6 3. Bb5 Nf6 4. d3 d6 5. c3 g6 6. Nbd2 Bg7 7. Nf1 O-O 8.
Ng3 a6 9. Ba4 b5 10. Bc2 Nb8 11. O-O Nbd7 12. a4 Bb7 13. d4 c5 14. d5 c4 15.
Bg5 h6 16. Be3 Ng4 17. Bd2 Nc5 18. h3 Nf6 19. Be3 Nfd7 20. Qd2 h5 21. Bg5 f6
22. Be3 Rf7 23. Nh4 Nf8 24. Kh1 Rb8 25. f4 exf4 26. Bxf4 bxa4 27. Nf3 Nb3
28. Bxb3 axb3 29. Nd4 Qd7 30. Rf2 Re8 31. Re1 h4 32. Nf1 f5 33. exf5 Rxe1
34. Qxe1 Bxd4 35. cxd4 Qxf5 36. Ne3 Qe4 37. Bxd6 Bxd5 38. Rxf7 Bxf7 39. Qc3
Nd7 40. Nxc4 Qc6 41. Qa5 Bxc4 42. Qd8+ Kg7 43. Qe7+ Bf7 44. Be5+ Nxe5 45.
Qxe5+ Qf6 {White resigns} 0-1

[Event "ICC tourney 2156 (40 10)"]
[Site "Internet Chess Club"]
[Date "2020.11.22"]
[Round "3"]
[White "MrNormalName"]
[Black "Openyagami"]
[Result "0-1"]
[ICCResult "White checkmated"]
[WhiteElo "2180"]
[BlackElo "2597"]
[Opening "King's Indian: 4.e4"]
[ECO "E70"]
[NIC "KI.32"]
[Time "15:34:58"]
[TimeControl "2400+10"]

1. d4 Nf6 2. c4 g6 3. Nc3 Bg7 4. e4 O-O 5. Bg5 c5 6. d5 d6 7. Qd2 e6 8. Bd3
Re8 9. Nge2 exd5 10. exd5 Nbd7 11. f4 a6 12. O-O b5 13. cxb5 axb5 14. Bxb5
Qb6 15. h3 Ne4 16. Nxe4 Rxe4 17. a4 Nf6 18. Nc3 Rd4 19. Qe2 Bf5 20. a5 Qa7
21. Bxf6 Bxf6 22. Kh2 Rb4 23. Ra2 Rb8 24. Bc6 c4 25. Re1 Kg7 26. a6 Bd3 27.
Qe3 Bd4 28. Qe7 Bg1+ 29. Kh1 Rxb2 30. Rxb2 Rxb2 31. Qxa7 Bxa7 32. Re7 Bd4
33. a7 Bf1 34. a8=Q Bxg2+ 35. Kh2 Be4+ 36. Ne2 Rxe2+ 37. Kg3 Rg2+ 38. Kh4
Bf2# {White checkmated} 0-1

[Event "ICC tourney 2156 (40 10)"]
[Site "Internet Chess Club"]
[Date "2020.11.22"]
[Round "3"]
[White "TjkTiger"]
[Black "jy2020"]
[Result "1-0"]
[ICCResult "Black resigns"]
[WhiteElo "2609"]
[BlackElo "2221"]
[Opening "English: Mikenas-Carls, Flohr variation"]
[ECO "A18"]
[NIC "EO.57"]
[Time "15:34:48"]
[TimeControl "2400+10"]

1. c4 Nf6 2. Nc3 e6 3. e4 d5 4. e5 d4 5. exf6 dxc3 6. bxc3 Qxf6 7. Nf3 b6 8.
d4 Bb7 9. Bg5 Qf5 10. Be3 h6 11. Bd3 Qf6 12. O-O Nd7 13. Nd2 Bd6 14. Qg4 h5
15. Qe2 g6 16. h3 O-O 17. Ne4 Bxe4 18. Bxe4 Rad8 19. Bh6 Rfe8 20. Qe3 Qh8
21. Bg5 f6 22. Bh4 g5 23. Bg3 Qg7 24. Bc6 Re7 25. f4 Nf8 26. Rae1 Nh7 27.
Kh1 Rf8 28. Qf3 gxf4 29. Bxf4 Bxf4 30. Qxf4 Qg5 31. Re3 Qxf4 32. Rxf4 Rd8
33. Bf3 c5 34. d5 e5 35. Bxh5 Rg7 36. Rf2 Rd6 37. Bg4 Nf8 38. Be6+ Nxe6 39.
Rxf6 Rf7 40. Rg6+ Kf8 41. Rxe5 Rf2 42. dxe6 Ke7 43. Rg7+ Ke8 44. e7
{Black resigns}
1-0

[Event "ICC tourney 2156 (40 10)"]
[Site "Internet Chess Club"]
[Date "2020.11.22"]
[Round "3"]
[White "town"]
[Black "coolsportsguy"]
[Result "1/2-1/2"]
[ICCResult "Game drawn by mutual agreement"]
[WhiteElo "2139"]
[BlackElo "2311"]
[Opening "French: Tarrasch, open variation"]
[ECO "C07"]
[NIC "FR.19"]
[Time "15:34:03"]
[TimeControl "2400+10"]

1. e4 e6 2. d4 d5 3. Nd2 c5 4. exd5 Qxd5 5. Ngf3 cxd4 6. Bc4 Qd6 7. O-O Nf6
8. Nb3 Nc6 9. Nbxd4 Nxd4 10. Nxd4 Be7 11. b3 O-O 12. Bb2 a6 13. a4 Qc7 14.
Qe2 Re8 15. Nf3 b6 16. Rad1 Bb7 17. h3 Bc5 18. Bd3 Qc6 19. Qe5 h6 20. Qg3
Be7 21. Rfe1 Rad8 22. Ne5 Qc7 23. Qe3 Bb4 24. Re2 Nd5 25. Qg3 Nc3 26. Bxc3
Bxc3 27. Nc4 Qxg3 28. fxg3 e5 29. Ne3 g6 30. g4 Kg7 31. Rf1 Re7 32. Bc4 Bd4
33. Kh2 e4 34. Rd1 Rd6 35. Kh1 Red7 36. Red2 Bc5 37. Rxd6 Rxd6 38. Rxd6 Bxd6
39. Kg1 Bc5 40. Kf2 f5 41. gxf5 gxf5 42. Ke2 f4 43. Nd5 f3+ 44. gxf3 exf3+
45. Kf1 Bc8 46. Nf4 Be3 47. Be6 Bxe6 48. Nxe6+ Kf6 49. Nc7
{Game drawn by mutual agreement}
1/2-1/2

[Event "ICC tourney 2156 (40 10)"]
[Site "Internet Chess Club"]
[Date "2020.11.22"]
[Round "3"]
[White "Theutltl"]
[Black "andrewf2009"]
[Result "1-0"]
[ICCResult "Black forfeits on time"]
[WhiteElo "1411"]
[BlackElo "1666"]
[Opening "Sicilian: Richter-Rauzer, 6...e6"]
[ECO "B62"]
[NIC "SI.27"]
[Time "15:34:15"]
[TimeControl "2400+10"]

1. e4 c5 2. Nf3 Nc6 3. d4 cxd4 4. Nxd4 Nf6 5. Nc3 d6 6. Bg5 e6 7. Be2 a6 8.
O-O Bd7 9. Qd2 Be7 10. Kh1 b5 11. a3 Qc7 12. Rad1 Rd8 13. f4 O-O 14. Qe3 h6
15. Bh4 Na5 16. Qg3 Kh8 17. e5 Ng8 18. Bxe7 Nxe7 19. Ndxb5 Bxb5 20. Bxb5
axb5 21. Nxb5 Qb6 22. Nxd6 Nb7 23. Nxb7 Qxb7 24. b4 Nf5 25. Qf3 Qc7 26. Qf2
Ra8 27. Ra1 Rfd8 28. Rfc1 Qc3 29. Qf3 Qxf3 30. gxf3 Rd4 31. c4 Rxf4 32. Rc3
Nd4 33. c5 {Black forfeits on time} 1-0

[Event "ICC tourney 2156 (40 10)"]
[Site "Internet Chess Club"]
[Date "2020.11.22"]
[Round "3"]
[White "mnm2"]
[Black "Leolix"]
[Result "1/2-1/2"]
[ICCResult "Game drawn by mutual agreement"]
[WhiteElo "1534"]
[BlackElo "1927"]
[Opening "Sicilian: Prins (Moscow) variation"]
[ECO "B55"]
[NIC "SI.01"]
[Time "15:34:43"]
[TimeControl "2400+10"]

1. e4 c5 2. Nf3 d6 3. d4 cxd4 4. Nxd4 Nf6 5. f3 e5 6. Nb3 Be6 7. c4 Nbd7 8.
Be3 Rc8 9. N1d2 Be7 10. Rc1 O-O 11. Be2 b6 12. O-O Nh5 13. g3 Bg5 14. Bxg5
Qxg5 15. Kh1 Ndf6 16. Rg1 Qh6 17. g4 Nf4 18. g5 Qh4 19. gxf6 Nh3 20. Rxg7+
Kh8 21. Qe1 Qxf6 22. Rg3 Rg8 23. Nf1 h5 24. Ne3 h4 25. Rxg8+ Rxg8 26. Ng2
Qg5 27. Bf1 Rg7 28. Rc2 Kg8 29. Qd2 Nf4 30. Qf2 {Game drawn by mutual
agreement} 1/2-1/2

[Event "ICC tourney 2156 (40 10)"]
[Site "Internet Chess Club"]
[Date "2020.11.22"]
[Round "3"]
[White "JunlinTheWorld"]
[Black "mnm1"]
[Result "1/2-1/2"]
[ICCResult "Game drawn by repetition"]
[WhiteElo "1819"]
[BlackElo "1508"]
[Opening "Sicilian"]
[ECO "B56"]
[NIC "SI.25"]
[Time "15:34:58"]
[TimeControl "2400+10"]

1. e4 c5 2. Nf3 d6 3. d4 cxd4 4. Nxd4 Nf6 5. Nc3 Nc6 6. Be3 Ng4 7. Qd2 Nxe3
8. Qxe3 g6 9. Be2 Bg7 10. Nb3 Be6 11. a3 Rc8 12. Bb5 a6 13. Bxc6+ Rxc6 14.
Nd4 Rc8 15. O-O Bd7 16. Rac1 O-O 17. Nd5 e6 18. Nb4 Qb6 19. c3 a5 20. Nd3
Rc7 21. f4 Rfc8 22. Nf5 Qxe3+ 23. Nxe3 Bh6 24. Kf2 Bb5 25. Ke2 Kf8 26. Kd2
Ke7 27. g4 Bg7 28. g5 b6 29. h3 f6 30. h4 h6 31. Rg1 fxg5 32. fxg5 h5 33.
Nf4 Be8 34. Rgf1 b5 35. Nd3 Bc6 36. Rf4 Be5 37. Nxe5 dxe5 38. Rf6 Bxe4 39.
Rcf1 Rd8+ 40. Ke1 Bf5 41. Rf2 Rcd7 42. Re2 Rd3 43. Nxf5+ gxf5 44. Rxe5 Rd1+
45. Kf2 R8d2+ 46. Kf3 Rd3+ 47. Ke2 R3d2+ 48. Ke3 Rd3+ 49. Kf2 R3d2+ 50. Kf3
Rd3+ 51. Ke2 R3d2+ 52. Kf3 Rd3+ {Game drawn by repetition} 1/2-1/2

[Event "ICC tourney 2156 (40 10)"]
[Site "Internet Chess Club"]
[Date "2020.11.22"]
[Round "4"]
[White "SanthoshA"]
[Black "SupaHotFiya"]
[Result "0-1"]
[ICCResult "White resigns"]
[WhiteElo "1565"]
[BlackElo "1957"]
[Opening "Robatsch (modern) defense"]
[ECO "B06"]
[NIC "KF.05"]
[Time "17:47:15"]
[TimeControl "2400+10"]

1. e4 g6 2. d4 Bg7 3. c4 d6 4. f4 e5 5. dxe5 dxe5 6. Qxd8+ Kxd8 7. fxe5 Bxe5
8. Nf3 Bg7 9. Bd3 Nd7 10. O-O f6 11. Nc3 c6 12. Bf4 Nh6 13. Rfe1 Nf7 14. b4
Re8 15. Rac1 Nfe5 16. Nxe5 Nxe5 17. Rcd1 Bd7 18. Be2 Kc7 19. b5 Rad8 20. a4
Be6 21. c5 Bf8 22. Be3 Ng4 23. Bxg4 Bxg4 24. b6+ axb6 25. cxb6+ Kc8 26.
Rxd8+ Rxd8 27. Bf2 Rd3 28. Rc1 Ba3 29. Rc2 Bd1 30. Nxd1 Rxd1+ 31. Be1 Rxe1+
32. Kf2 Rxe4 33. a5 Bb4 34. a6 bxa6 35. Rxc6+ Kb7 36. Rxf6 a5 37. Rf7+ Re7
38. Rf6 Bc5+ 39. Kf3 Bxb6 40. Kg4 a4 41. Rf4 a3 42. Ra4 Bc5 43. Ra5 Kb6 44.
Ra8 Ra7 45. Rd8 a2 46. Rd1 a1=Q 47. Rxa1 Rxa1 48. Kg5 Rg1 49. Kh6 Rxg2 50.
Kxh7 Rxh2+ 51. Kxg6 Rf2 52. Kg5 Kc6 {White resigns} 0-1

[Event "ICC tourney 2156 (40 10)"]
[Site "Internet Chess Club"]
[Date "2020.11.22"]
[Round "4"]
[White "che2468"]
[Black "Frankiechess11"]
[Result "0-1"]
[ICCResult "White checkmated"]
[WhiteElo "1470"]
[BlackElo "1713"]
[Opening "Queen's pawn: Chigorin variation"]
[ECO "D00"]
[NIC "QP.08"]
[Time "17:47:14"]
[TimeControl "2400+10"]

1. d4 d5 2. Nc3 Nf6 3. Bf4 c5 4. e3 cxd4 5. exd4 a6 6. Nf3 Nc6 7. Bd3 Bg4 8.
O-O Bxf3 9. Qxf3 Nxd4 10. Qe3 Nc6 11. Na4 Qa5 12. Nb6 d4 13. Nxa8 dxe3 14.
Nc7+ Kd7 15. Rad1 exf2+ 16. Rxf2 e5 17. Na8 Bc5 18. Bd2 Bxf2+ 19. Kxf2 Qc5+
20. Kf1 Rxa8 21. Be2 Ke6 22. b3 Qxc2 23. Ke1 Rd8 24. Bg5 Rxd1+ 25. Bxd1 Qe4+
26. Be2 Nd4 27. Kf1 Qxe2+ 28. Kg1 Qe1# {White checkmated} 0-1

[Event "ICC tourney 2156 (40 10)"]
[Site "Internet Chess Club"]
[Date "2020.11.22"]
[Round "4"]
[White "HR2005"]
[Black "town"]
[Result "0-1"]
[ICCResult "White resigns"]
[WhiteElo "2020"]
[BlackElo "2150"]
[Opening "Sicilian: Kan, Maróczy bind (Réti variation)"]
[ECO "B41"]
[NIC "SI.41"]
[Time "17:47:49"]
[TimeControl "2400+10"]

1. e4 c5 2. Nf3 e6 3. d4 cxd4 4. Nxd4 a6 5. c4 Nf6 6. Nc3 Qc7 7. Be3 Bb4 8.
Bd3 d5 9. exd5 exd5 10. O-O Bxc3 11. bxc3 dxc4 12. Re1 O-O 13. Bc2 Nc6 14.
Nxc6 Qxc6 15. Bd4 Bg4 16. Qd2 Bh5 17. Re5 Bg6 18. Rc5 Qd6 19. Bxg6 fxg6 20.
f3 b5 21. Rb1 Nd7 22. Rg5 h6 23. Rg4 Ne5 24. Re4 Nd3 25. a4 Rab8 26. axb5
axb5 27. Qe3 Rf7 28. Re6 Qf4 29. Rxg6 Qxe3+ 30. Bxe3 Re7 31. Bd4 Kh7 32. Rg5
hxg5 {White resigns} 0-1

[Event "ICC tourney 2156 (40 10)"]
[Site "Internet Chess Club"]
[Date "2020.11.22"]
[Round "4"]
[White "Leolix"]
[Black "che8642"]
[Result "1-0"]
[ICCResult "Black resigns"]
[WhiteElo "1930"]
[BlackElo "1517"]
[Opening "Queen's pawn, Mason variation"]
[ECO "D00"]
[NIC "QP.08"]
[Time "17:48:01"]
[TimeControl "2400+10"]

1. d4 d5 2. Bf4 Nf6 3. e3 e6 4. Nf3 c5 5. c3 Nc6 6. Nbd2 Be7 7. Bd3 O-O 8.
Ne5 h6 9. h4 Bd6 10. g4 Qc7 11. g5 Nd7 12. gxh6 g6 13. h5 Bxe5 14. dxe5 Kh7
15. hxg6+ fxg6 16. Bxg6+ Kh8 17. Qh5 Ndxe5 18. Rg1 Rg8 19. Rg5 Rxg6 20. Qxg6
Nxg6 21. Bxc7 Kh7 22. O-O-O Kxh6 23. Rdg1 Nce7 24. Nf3 b6 25. Ne5 Nxe5 26.
Bxe5 Nf5 27. f4 Nh4 28. Rh1 {Black resigns} 1-0

[Event "ICC tourney 2156 (40 10)"]
[Site "Internet Chess Club"]
[Date "2020.11.22"]
[Round "4"]
[White "TheDude865"]
[Black "JunlinTheWorld"]
[Result "0-1"]
[ICCResult "White checkmated"]
[WhiteElo "1489"]
[BlackElo "1823"]
[Opening "Sicilian: dragon, Yugoslav attack, 10.O-O-O"]
[ECO "B78"]
[NIC "SI.18"]
[Time "17:47:26"]
[TimeControl "2400+10"]

1. e4 c5 2. Nf3 d6 3. d4 cxd4 4. Nxd4 Nf6 5. Nc3 g6 6. Be3 Bg7 7. f3 O-O 8.
Bc4 Nc6 9. Qd2 Bd7 10. O-O-O Rc8 11. Bb3 Ne5 12. g4 b5 13. g5 b4 14. Nd5
Nxd5 15. Bxd5 e6 16. Bb3 a5 17. f4 Ng4 18. Bg1 a4 19. Bxa4 Bxa4 20. Qxb4
Bxd4 21. Qxa4 Bxg1 22. Rhxg1 Ne3 23. Rd2 Qb6 24. Qb3 Qc5 25. Kb1 Nc4 26.
Rdd1 Rb8 27. Qc3 Rxb2+ 28. Ka1 Ra8 29. Qxb2 Nxb2 30. Kxb2 Qb4+ 31. Kc1 Rxa2
32. c3 Qb2# {White checkmated} 0-1

[Event "ICC tourney 2156 (40 10)"]
[Site "Internet Chess Club"]
[Date "2020.11.22"]
[Round "4"]
[White "andrewf2009"]
[Black "jxfan1"]
[Result "0-1"]
[ICCResult "White resigns"]
[WhiteElo "1643"]
[BlackElo "1355"]
[Opening "Ruy Lopez: closed defense"]
[ECO "C84"]
[NIC "RL.13"]
[Time "17:47:06"]
[TimeControl "2400+10"]

1. e4 e5 2. Nf3 Nc6 3. Bb5 a6 4. Ba4 Nf6 5. O-O Be7 6. c3 d6 7. Re1 O-O 8.
d4 b5 9. Bc2 Bg4 10. d5 Na5 11. Nbd2 c6 12. h3 Bd7 13. b4 Nb7 14. Bb3 cxd5
15. exd5 Qc7 16. Qc2 Rac8 17. Bb2 a5 18. a3 a4 19. Ba2 g6 20. Rac1 Bf5 21.
Qd1 Nd8 22. c4 Qb6 23. cxb5 Qxb5 24. Bc4 Qb7 25. g4 Bd7 26. Ne4 Nxe4 27.
Rxe4 f5 28. gxf5 Bxf5 29. Re1 Bxh3 30. Re3 Bg4 31. Kg2 Bg5 32. Kg3 Bxe3 33.
fxe3 Bxf3 34. Qd3 Qd7 35. Bb5 Qg4+ 36. Kf2 Be4+ {White resigns} 0-1

[Event "ICC tourney 2156 (40 10)"]
[Site "Internet Chess Club"]
[Date "2020.11.22"]
[Round "4"]
[White "ToughTurtle"]
[Black "AJ2000"]
[Result "0-1"]
[ICCResult "White resigns"]
[WhiteElo "1489"]
[BlackElo "1657"]
[Opening "Four knights: double Ruy Lopez"]
[ECO "C49"]
[NIC "KP.03"]
[Time "17:47:34"]
[TimeControl "2400+10"]

1. e4 e5 2. Nf3 Nc6 3. Nc3 Nf6 4. Bb5 Bb4 5. O-O d6 6. Nd5 Bc5 7. d3 h6 8.
c3 O-O 9. Nxf6+ Qxf6 10. a4 a6 11. Bxc6 bxc6 12. b4 Ba7 13. b5 cxb5 14. axb5
axb5 15. Be3 c5 16. d4 Bg4 17. dxc5 Bxf3 18. gxf3 Bxc5 19. Bxc5 dxc5 20. Rb1
Rfd8 21. Qe2 Qg5+ 22. Kh1 Rd2 23. Qxb5 Qf4 24. Kg2 Rad8 25. Qxc5 R8d6 26.
Qc8+ Kh7 27. Qg4 Rg6 28. Qg3 Rxg3+ 29. hxg3 Qg5 30. Rbc1 h5 31. c4 Rd6 32.
c5 Rc6 33. Rc2 Kg8 34. Rd1 Qe7 35. Rd5 g5 36. g4 h4 37. Kh3 Qf6 38. Rc3 Qf4
39. Rd6 Rxd6 40. cxd6 Qd2 41. d7 Qxd7 42. Re3 Qd1 43. Kg2 Kf8 44. Rc3 Ke7
45. Rc5 h3+ 46. Kxh3 Qxf3+ 47. Kh2 Qxf2+ 48. Kh3 Qxc5 49. Kg3 Qe3+
{White resigns}
0-1